 Dungeon Crawl Stone Soup version 0.21.1-1-g345015f (webtiles) character file.

479 lysyklops the Chopper (level 6, -3/49 HPs)
             Began as a Demonspawn Berserker on July 13, 2018.
             Was a Believer of Trog.
             Slain by lysyklops's ghost (7 damage)
             ... on level 5 of the Dungeon.
             The game lasted 00:08:55 (3014 turns).

lysyklops the Chopper (Demonspawn Berserker)        Turns: 3014, Time: 00:08:56

Health: -3/49      AC: 11    Str: 20    XL:     6   Next: 86%
Magic:  0/6        EV: 13    Int:  8    God:    Trog [**....]
Gold:   82         SH:  0    Dex: 12    Spells: 5/5 levels left

rFire    . . .     SeeInvis .   a - +0 hand axe
rCold    . . .     Gourm    .   (no shield)
rNeg     . . .     Faith    .   b - +0 animal skin
rPois    .         Spirit   +   (no helmet)
rElec    .         Reflect  .   (no cloak)
rCorr    .         Harm     .   (no gloves)
MR       .....                  (no boots)
Stlth    ++........             (no amulet)
HPRegen  0.16/turn              (no ring)
MPRegen  0.10/turn              (no ring)

@: sanguine armour, berserk cooldown, slowed, very slow
A: magic shield, sanguine armour 2
a: Berserk, Trog's Hand, Burn Spellbooks, Renounce Religion


You were on level 5 of the Dungeon.
You worshipped Trog.
Trog was pleased with you.
You were not hungry.

You visited 1 branch of the dungeon, and saw 5 of its levels.

You collected 82 gold pieces.

Inventory:

Hand Weapons
 a - a +0 hand axe (weapon)
Armour
 b - a +0 animal skin (worn)
 n - a +0 pair of boots
 o - a +0 chain mail
 q - a +0 large shield
Jewellery
 j - an uncursed ring of magical power {unknown}
Wands
 k - a wand of acid (15)
Scrolls
 d - a scroll of remove curse {unknown}
 e - 6 scrolls of identify {unknown}
 f - 5 scrolls of random uselessness {unknown}
 l - a scroll of teleportation {unknown}
Potions
 g - a potion of ambrosia {unknown}
 h - a potion of flight {unknown}
 i - a potion of agility {unknown}
 m - a potion of heal wounds {unknown}
 p - a potion of cancellation {unknown}
Comestibles
 c - 4 rations


   Skills:
 + Level 4.5 Fighting
 + Level 5.5 Axes
 + Level 1.9 Armour
 + Level 3.2 Dodging
 + Level 1.0 Stealth


You had 5 spell levels left.
You didn't know any spells.

Dungeon Overview and Level Annotations

Branches:
Dungeon (5/15)
 Temple: D:4-7

Altars:
Qazlal

Annotations:
D:4 dscm's ghost, amateur DsGl
D:5 lysyklops's ghost, novice DrBe


Innate Abilities, Weirdness & Mutations

When hurt, damage is shared between your health and your magic reserves.
When seriously injured, your bleeding wounds create thick armour. (AC +9)


Message History

Lysyklops's ghost hits you.
* * * LOW HITPOINT WARNING * * *
You slash lysyklops's ghost!
Lysyklops's ghost is severely damaged.
You barely miss lysyklops's ghost.
Lysyklops's ghost is severely damaged.
Lysyklops's ghost hits you.
* * * LOW HITPOINT WARNING * * *
You hit lysyklops's ghost.
Lysyklops's ghost is almost destroyed.
Lysyklops's ghost closely misses you.
You hit lysyklops's ghost.
Lysyklops's ghost is almost destroyed.
You are no longer berserk.
You are exhausted.
You feel yourself slow down.
You hit lysyklops's ghost.
Lysyklops's ghost is almost destroyed.
Lysyklops's ghost hits you!
You die...

#...# . #...#
.####...# ... ....#
#.# #.#.# ##.###.#.#
.#####...##W..#
..........@†.######.
###.<.###........
##.## #..#..... #.#
#..#####.
######.####...#
...............+
.######.#####..+ #.#
..+ #.# ..#


You could see lysyklops's ghost.

Vanquished Creatures
  Purgy (D:3)
  A phantom (D:4)
  A scorpion (D:4)
  2 hounds (D:4)
  Ijyb (D:3)
  An iguana (D:4)
  A worker ant (D:5)
  3 adders
  An ooze (D:3)
  2 worms (D:3)
  4 dart slugs
  2 leopard geckos
  6 orcs (D:4)
  7 giant cockroaches
  8 goblins
  7 hobgoblins
  4 quokkas
  2 ball pythons
  6 bats
  4 frilled lizards
  6 kobolds
  8 rats
78 creatures vanquished.

Notes
Turn   | Place    | Note
-------+----------+-------------------------------------------
     0 | D:1      | lysyklops the Demonspawn Berserker began the quest for the Orb.
     0 | D:1      | Reached XP level 1. HP: 18/18 MP: 1/1
    52 | D:1      | Gained mutation: When seriously injured, your bleeding wounds create armour. (AC +9) [demonic ancestry]
    52 | D:1      | Reached XP level 2. HP: 19/24 MP: 2/2
    67 | D:1      | Reached skill level 3 in Axes
   615 | D:2      | Gained mutation: When seriously injured, your bleeding wounds create thick armour. (AC +9) [demonic ancestry]
   615 | D:2      | Reached XP level 3. HP: 28/29 MP: 3/3
   651 | D:2      | Reached ** piety under Trog
  1143 | D:3      | Noticed Ijyb
  1152 | D:3      | Killed Ijyb
  1152 | D:3      | Gained mutation: When hurt, damage is shared between your health and your magic reserves. [demonic ancestry]
  1152 | D:3      | Reached XP level 4. HP: 12/36 MP: 4/4
  1208 | D:3      | Reached skill level 4 in Axes
  1332 | D:3      | Noticed Purgy
  1343 | D:3      | Killed Purgy
  1343 | D:3      | Reached XP level 5. HP: 36/42 MP: 3/5
  1565 | D:3      | Noticed a water elemental
  1576 | D:3      | Found a stormy altar of Qazlal.
  1577 | D:3      | Noticed an air elemental
  1577 | D:3      | Noticed a fire elemental
  1707 | D:4      | Noticed a phantom
  1724 | D:4      | Reached *** piety under Trog
  1990 | D:4      | Killed a phantom
  1990 | D:4      | Reached skill level 5 in Axes
  1990 | D:4      | Reached XP level 6. HP: 17/48 MP: 2/6
  2856 | D:4      | Noticed dscm's ghost (amateur DsGl)
  2945 | D:5      | Entered Level 5 of the Dungeon
  2978 | D:5      | Noticed lysyklops's ghost (novice DrBe)
  3003 | D:5      | Reached skill level 1 in Stealth
  3014 | D:5      | Slain by lysyklops's ghost

Skill      XL: |  1  2  3  4  5  6 |
---------------+-------------------+-----
Axes           | 3 4 5 |  5.5
Dodging        | 2 3 |  3.2
Fighting       | 4 |  4.5
Stealth        | 1 |  1.0
Armour         | |  1.9

Action                   |  1- 3 |  4- 6 || total
-------------------------+-------+-------++-------
Melee: Hand axe          |   125 |   228 ||   353
Invok: Berserk           |     1 |     3 ||     4
 Stab: Sleeping          |     1 |     1 ||     2
  Eat: Chunk             |       |     4 ||     4
       Ration            |       |     2 ||     2
Armor: Animal skin       |    33 |    61 ||    94
Dodge: Dodged            |    87 |   155 ||   242
